[Event "*** Titled Tuesday Blitz"]
[Site "Chess.com"]
[Date "2021.04.27"]
[Round "3"]
[White "SchmakAttack"]
[Black "Beca95"]
[Result "0-1"]
[WhiteElo "2621"]
[BlackElo "2858"]
[TimeControl "180+1"]
[EndTime "10:28:03 PDT"]
[Termination "Beca95 won on time"]

1. Nf3 c5 2. e4 Nc6 3. d4 cxd4 4. Nxd4 Nf6 5. Nc3 e6 6. Ndb5 Bc5 7. Nd6+ Ke7 8. Bf4 e5 9. Nf5+ Kf8 10. Be3 Bb4 11. a3 Bxc3+ 12. bxc3 d5 13. exd5 Nxd5 14. Bc5+ Kg8 15. Bc4 Bxf5 16. Qxd5 Qf6 17. O-O Be6 18. Qe4 Bxc4 19. Qxc4 b6 20. Be3 h6 21. Rad1 Kh7 22.
Rd7 Rhf8 23. Rfd1 Na5 24. Qe4+ Qg6 25. Qxe5 Qxc2 26. h3 Qg6 27. R1d6 f6 28. Qd5 Rfe8 29.
Re6 Rxe6 30. Qxe6 Re8 31. Qd5 Re5 32. Qa8 Nc4 33. Bd4 Re1+ 34. Kh2 Nd2 35. g3 Qd3 36.
Qb7 Nf3+ 0-1

[Event "*** Titled Tuesday Blitz"]
[Site "Chess.com"]
[Date "2021.04.27"]
[Round "3"]
[White "scandalgod"]
[Black "TeukkaSalama"]
[Result "1-0"]
[WhiteElo "2589"]
[BlackElo "2363"]
[TimeControl "180+1"]
[EndTime "10:28:03 PDT"]
[Termination "scandalgod won by resignation"]

1. d4 d5 2. c4 c6 3. cxd5 cxd5 4. Bg5 h6 5. Bh4 Qb6 6. Qd2 Bf5 7. Nc3 e6 8. e3 Nc6 9. Nf3 Be7 10. Bxe7 Ngxe7 11. Be2 O-O 12. O-O Rfc8 13. Rfc1 a6 14. Na4 Qd8 15. Nc5 Rc7 16. Rc3 Nc8 17. Rac1 Qe8 18. Nxb7 Rxb7 19.
Rxc6 Nb6 20. Ne5 f6 21. Qa5 fxe5 22. Rxb6 Qd8 23. Rcc6 Rab8 24. Rxb7 Qxa5 25. Rxb8+ Kh7 26. Rbc8 exd4 27. exd4 Qxa2 28. Bxa6 Qxb2 29. h3 Qxd4 30. Rc3 Qd1+ 31. Bf1 Qd2 32. Rc1 d4 33. R1c4 Bd3 34. Rxd4 Qc1 35. Rxc1 1-0

[Event "*** Titled Tuesday Blitz"]
[Site "Chess.com"]
[Date "2021.04.27"]
[Round "3"]
[White "Fraler15"]
[Black "KononenkoD"]
[Result "0-1"]
[WhiteElo "2199"]
[BlackElo "2511"]
[TimeControl "180+1"]
[EndTime "10:28:03 PDT"]
[Termination "KononenkoD won on time"]

1. e4 c6 2. d4 d5 3. Nc3 dxe4 4. Nxe4 Bf5 5. Ng3 Bg6 6. Nf3 Nd7 7. h4 h6 8. h5 Bh7 9. Bd3 Bxd3 10. Qxd3 e6 11. Bf4 Qa5+ 12. Bd2 Bb4 13. Ne4 Ngf6 14. Nd6+ Ke7 15. Nc4 Bxd2+ 16. Nfxd2 Qa6 17. Qg3 c5 18.
dxc5 Nxc5 19. O-O-O Rhd8 20. a3 Kf8 21. Ne5 Rac8 22.
Kb1 Qe2 23. Rhe1 Qxh5 24. Ndf3 Nce4 25. Qf4 Qf5 26. Rxd8+ Rxd8 27. Qe3 b6 28. Nd3 Kg8 29. Nfe5 Nc5 30. Nc6 Rd7 31. Nxc5 bxc5 32. Ne5 Rd5 33. Nc6 Rd7 34. Ne5 Rc7 35. f3 Kh7 36. g4 Qg5 37.
Qe2 Nd5 38. Qd3+ g6 39. Qe4 Qf4 40. Qe2 c4 41. Nxc4 Qxc4 42. Qxc4 Rxc4 43. b3 Rc3 44. Rd1 Rxf3 45. c4 Nc3+ 0-1

[Event "*** Titled Tuesday Blitz"]
[Site "Chess.com"]
[Date "2021.04.27"]
[Round "3"]
[White "Alex-11211"]
[Black "HrvojeZagreb"]
[Result "1-0"]
[WhiteElo "2434"]
[BlackElo "2243"]
[TimeControl "180+1"]
[EndTime "10:28:03 PDT"]
[Termination "Alex-11211 won on time"]

1. e4 e6 2. Nc3 d5 3. Nf3 dxe4 4. Nxe4 Nd7 5. d4 Ngf6 6. Bd3 Nxe4 7. Bxe4 Nf6 8. Bd3 c5 9. O-O cxd4 10. Nxd4 Bc5 11.
Nb3 Bd6 12. Qf3 Qc7 13. Bg5 Bxh2+ 14. Kh1 Be5 15. Rad1 Bd7 16. Rfe1 Bxb2 17. Bf4 Qc6 18. Qe2 Nd5 19. Be5 Bxe5 20. Qxe5 O-O 21. Be4 Rfe8 22. Rd3 f5 23. Rg3 g6 24. Bd3 Qc3 25. Nd4 Nf4 26.
Bxf5 exf5 27. Qxe8+ Rxe8 28. Rxe8+ Bxe8 29. Rxc3 Kg7 30. Rc7+ Kh6 31. Rxb7 Nd5 32. Rxa7 1-0

[Event "*** Titled Tuesday Blitz"]
[Site "Chess.com"]
[Date "2021.04.27"]
[Round "3"]
[White "GP9isback23"]
[Black "anon102030"]
[Result "0-1"]
[WhiteElo "2542"]
[BlackElo "2766"]
[TimeControl "180+1"]
[EndTime "10:28:04 PDT"]
[Termination "anon102030 won by resignation"]

1. d4 Nf6 2. Nf3 d6 3. e3 g6 4. Be2 Bg7 5. O-O O-O 6. c4 Nbd7 7. Nc3 e5 8. a3 b6 9. b3 Bb7 10. Bb2 Re8 11. b4 exd4 12. Nxd4 Ne4 13. Nxe4 Bxe4 14.
Qd2 a5 15. Nb5 Bc6 16. Bxg7 Kxg7 17. Nd4 Bb7 18. Rac1 Qe7 19. Nb5 Nf6 20. Nc3 axb4 21. axb4 Qe5 22. Rfd1 Ne4 23. Nxe4 Bxe4 24. c5 bxc5 25.
bxc5 d5 26. c6 Red8 27. Qd4 Qxd4 28. Rxd4 Ra5 29. f3 Bf5 30. e4 Be6 31. Rcd1 Rd6 32. Kf1 Rc5 33. Kf2 Kf8 34. R1d2 Ke7 35. h3 dxe4 36.
Rxd6 cxd6 37. fxe4 Rxc6 38. Bf3 Rc5 39. Re2 h5 40. Rd2 Bd7 41. Kg3 Bc6 42. Rf2 Rc4 43.
Re2 Kf6 44. h4 Ke5 45. Rd2 Bxe4 46. Be2 Rc3+ 47. Kh2 d5 0-1

[Event "*** Titled Tuesday Blitz"]
[Site "Chess.com"]
[Date "2021.04.27"]
[Round "3"]
[White "UnknownxArmy"]
[Black "campomania3"]
[Result "0-1"]
[WhiteElo "2372"]
[BlackElo "2229"]
[TimeControl "180+1"]
[EndTime "10:28:04 PDT"]
[Termination "campomania3 won by resignation"]

1. e4 c6 2. d4 d5 3. e5 Bf5 4. Nf3 e6 5. Be2 c5 6. O-O Nc6 7. Be3 cxd4 8. Nxd4 Nxd4 9. Bxd4 Ne7 10. c4 Nc6 11.
cxd5 Qxd5 12. Bf3 Be4 13. Bc3 Bxf3 14. Qxf3 Qxf3 15. gxf3 Bb4 16. Bxb4 Nxb4 17. Nc3 Ke7 18. Rad1 Rhd8 19. Kg2 Nd3 20. Ne4 Nxe5 21. b3 Nd3 22. Kg3 Rd7 23. Rd2 Rad8 24. Rfd1 h6 25. h4 b6 26. Nc3 Ne5 27. Rxd7+ Rxd7 28. Rxd7+ Kxd7 29. h5 a6 30. Kf4 Nd3+ 31. Ke3 Ne5 32. Kf4 Nd3+ 33. Ke3 Nb4 34. a4 Nd5+ 35. Nxd5 exd5 36. Kd4 Kd6 37. f4 g6 0-1

[Event "*** Titled Tuesday Blitz"]
[Site "Chess.com"]
[Date "2021.04.27"]
[Round "3"]
[White "JoseRemolar"]
[Black "politeplayer"]
[Result "1-0"]
[WhiteElo "2429"]
[BlackElo "2243"]
[TimeControl "180+1"]
[EndTime "10:28:05 PDT"]
[Termination "JoseRemolar won on time"]

1. d4 Nf6 2. c4 g6 3. Nf3 c5 4. d5 d6 5. Nc3 Bg7 6. g3 O-O 7. Bg2 e6 8. O-O exd5 9. cxd5 Re8 10. h3 Ne4 11. Nxe4 Rxe4 12. Nd2 Rb4 13. a3 Rd4 14. e3 Rd3 15. Qe2 c4 16. Nxc4 Rb3 17. Qc2 Rb5 18. Bd2 Na6 19. b4 Bxa1 20. Rxa1 Bf5 21. e4 Bd7 22. Nxd6 Rb6 23. Nc4 Rc8 24. Qa2 Rf6 25. Bc3 Bb5 26. Qb2 Rxf2 27. Qxf2 Rxc4 28. Bb2 Ba4 29. Rf1 Qe7 30. Bf6 Qd7 31. Qf4 Qe8 32. Ba1 f5 33. Qh6 Qe7 34. exf5 Rc2 35. d6 Rxg2+ 36. Kxg2 Bc6+ 37. Kg1 1-0

[Event "*** Titled Tuesday Blitz"]
[Site "Chess.com"]
[Date "2021.04.27"]
[Round "3"]
[White "sorrm8thatscheckm8"]
[Black "chessflav"]
[Result "1-0"]
[WhiteElo "2561"]
[BlackElo "2300"]
[TimeControl "180+1"]
[EndTime "10:28:06 PDT"]
[Termination "sorrm8thatscheckm8 won by resignation"]

1. d4 g6 2. c4 Bg7 3. Nc3 d6 4.
g3 Nd7 5. Bg2 e5 6. Nf3 Ngf6 7.
O-O O-O 8. e4 c6 9. h3 Qa5 10. Be3 exd4 11. Nxd4 Ne5 12. Qe2 Re8 13.
a3 Be6 14. Nxe6 Rxe6 15. b4 Qc7 16. Rad1 a5 17. f4 Ned7 18. Bd4 axb4 19. axb4 Ra3 20. Qb2 Ra8 21. Kh2 Nh5 22. Bxg7 Nxg7 23. Rd2 Nb6 24. Qb3 Kh8 25. Rfd1 h5 26. c5 Nc8 27. e5 dxe5 28.
Rd8+ Kh7 29. Ne4 exf4 30. Ng5+ Kh6 31. h4 fxg3+ 32. Kh1 Nb6 33. cxb6 Qf4 34. Nxe6 Qxh4+ 35. Kg1 Rxd8 36. Nxd8 Nf5 37. Nxf7+ Kg7 38. Ne5 Qh2+ 39. Kf1 Ne3+ 40. Qxe3 1-0

[Event "*** Titled Tuesday Blitz"]
[Site "Chess.com"]
[Date "2021.04.27"]
[Round "3"]
[White "Grineva_Marianna"]
[Black "viktorgen2021"]
[Result "1-0"]
[WhiteElo "2234"]
[BlackElo "2386"]
[TimeControl "180+1"]
[EndTime "10:28:06 PDT"]
[Termination "Grineva_Marianna won by checkmate"]

1. e4 d5 2. exd5 Nf6 3. Nc3 g6 4. Bb5+ Nbd7 5. Nf3 Bg7 6. O-O O-O 7. d4 a6 8. Bc4 b5 9. Bb3 Bb7 10. Re1 Nb6 11. Bg5 h6 12. Be3 Nfxd5 13. Nxd5 Nxd5 14. c3 e6 15. Qd2 Kh7 16. Rad1 Qf6 17. Ne5 Rad8 18. Bc2 Qe7 19. Qd3 f5 20. f4 Nf6 21.
Bf2 Ne4 22. Qh3 c5 23. Bxe4 Bxe4 24. dxc5 Bxe5 25. fxe5 Qb7 26. Rd6 Rxd6 27. cxd6 g5 28. Bd4 Rf7 29. Rf1 Qd5 30. b3 f4 31. Qh5 Bg6 32. Qe2 Rg7 33. Bb6 g4 34. Bc7 Bd3 35. Rd1 Bxe2 36. Rxd5 exd5 37. e6 Kg6 38. d7 Rg8 39. e7 g3 40. d8=Q Rg7 41. e8=Q+ Kh7 42. Qh8+ Kg6 43. Qd6+ Kh5 44. Qhxh6+ Kg4 45. Qdxf4# 1-0

[Event "*** Titled Tuesday Blitz"]
[Site "Chess.com"]
[Date "2021.04.27"]
[Round "3"]
[White "Mili_Brizzi"]
[Black "jamalm2"]
[Result "1-0"]
[WhiteElo "2291"]
[BlackElo "2016"]
[TimeControl "180+1"]
[EndTime "10:28:06 PDT"]
[Termination "Mili_Brizzi won on time"]

1. e4 d5 2. exd5 Qxd5 3. Nc3 Qa5 4. d4 c6 5. Nf3 Bf5 6. Bc4 Nf6 7. Bd2 e6 8. Nd5 Qd8 9. Nxf6+ Qxf6 10. Qe2 Bd6 11. O-O Nd7 12. c3 O-O 13. Rae1 Bg4 14. Kh1 Nb6 15. Bd3 Nd5 16. Rg1 Nf4 17. Bxf4 Qxf4 18. Qe4 Bxf3 19. Qxf4 Bxg2+ 20. Rxg2 Bxf4 21. Reg1 g6 22.
h4 Bh6 23. h5 Bg7 24. f4 Kh8 25. Rh2 Rae8 26. hxg6 fxg6 27. Bxg6 Re7 28. Rxh7+ Kg8 29.
Rh2 e5 30. fxe5 Rf3 31. Be4 Rf4 32. Bd3 Kf8 33. Rf1 Ref7 34. Rxf4 Rxf4 35. Kg1 Kf7 36.
Rg2 Bh6 37. Bc4+ Kf8 38. Rg8+ Ke7 39. Rg6 Rh4 40. Kg2 Bc1 41. b3 Bb2 42. Rg3 Rf4 43.
Bd3 Bxc3 44. Rg7+ Kf8 45. Rxb7 Rxd4 46. Bc4 Rd2+ 47. Kf3 Bxe5 48. a4 Bd4 49. Rc7 Bb6 50.
Rxc6 1-0

[Event "*** Titled Tuesday Blitz"]
[Site "Chess.com"]
[Date "2021.04.27"]
[Round "3"]
[White "Aslanov_Umid"]
[Black "MarkoPe"]
[Result "1-0"]
[WhiteElo "2446"]
[BlackElo "2258"]
[TimeControl "180+1"]
[EndTime "10:28:07 PDT"]
[Termination "Aslanov_Umid won on time"]

1. e4 c5 2. Nf3 d6 3. d4 cxd4 4. Nxd4 Nf6 5. Nc3 Bd7 6. Bc4 e6 7. Bg5 Be7 8. O-O O-O 9. Qd2 h6 10. Bh4 Nxe4 11. Nxe4 Bxh4 12. Nxd6 Bc6 13. Nxc6 Nxc6 14.
Rad1 Qb6 15. b3 Rad8 16. Qf4 Bg5 17. Qg3 Nd4 18. Ne4 Be7 19. c3 Nf5 20. Qf3 Qa5 21.
a4 a6 22. Ng3 Nxg3 23. hxg3 Bf6 24. Qxb7 Qxc3 25. Qxa6 Qc2 26. Rxd8 Rxd8 27. Qb6 Rd2 28. Qb8+ Kh7 29. Qf4 Bd4 30. Qxf7 Qb2 31. Bxe6 Qc3 32.
Bf5+ 1-0

[Event "*** Titled Tuesday Blitz"]
[Site "Chess.com"]
[Date "2021.04.27"]
[Round "3"]
[White "KonstantinB_1983"]
[Black "IsuruAlahakoon"]
[Result "1-0"]
[WhiteElo "2501"]
[BlackElo "2261"]
[TimeControl "180+1"]
[EndTime "10:28:08 PDT"]
[Termination "KonstantinB_1983 won on time"]

1. d4 Nf6 2. c4 e6 3. Nc3 d5 4.
Bg5 Be7 5. e3 Nc6 6. Nf3 O-O 7.
Be2 b6 8. Bxf6 Bxf6 9. cxd5 exd5 10. Rc1 Bb7 11. O-O a6 12. Ne1 Re8 13. Bf3 Ne7 14.
Qb3 c6 15. Na4 Nc8 16. Nd3 g6 17. Rfe1 Be7 18. Ndc5 bxc5 19. Qxb7 Nd6 20. Qxc6 cxd4 21. Qxd5 dxe3 22. Qxa8 exf2+ 23. Kxf2 Qa5 24. Qc6 Rc8 25. Qxc8+ Nxc8 26. Rxc8+ Kg7 27. Rxe7 Qxa4 28. Re2 Qxa2 29. Rc3 Qa5 30. g3 h5 31. h4 Qb6+ 32. Kg2 a5 33.
Rce3 a4 34. Re7 Qb5 35. Rd2 Qb4 36. Red7 Qb5 37. Re7 Qb4 38. Rde2 Qb5 39. Rf2 Qc5 40. Re4 1-0

[Event "*** Titled Tuesday Blitz"]
[Site "Chess.com"]
[Date "2021.04.27"]
[Round "3"]
[White "MVM2008"]
[Black "MalyDominator"]
[Result "1-0"]
[WhiteElo "2266"]
[BlackElo "2430"]
[TimeControl "180+1"]
[EndTime "10:28:09 PDT"]
[Termination "MVM2008 won on time"]

1. e4 c5 2. Nf3 d6 3. d4 cxd4 4. Nxd4 Nf6 5. Nc3 Nc6 6. Bc4 e6 7. O-O Be7 8. Bb3 O-O 9. Be3 Bd7 10. f4 Nxd4 11. Bxd4 Bc6 12. Qe2 b5 13. a3 a5 14.
Rad1 b4 15. e5 bxc3 16. exf6 Bxf6 17. bxc3 Bb7 18. Bc4 Qe7 19. Bd3 g6 20. Kh1 Rac8 21. Qg4 Bxd4 22. cxd4 Qf6 23. f5 exf5 24. Bxf5 Rc7 25.
Be4 Qg7 26. Bxb7 Rxb7 27. Qg3 Rc7 28. Qxd6 Rxc2 29. d5 Qb2 30. Qg3 Rd8 31. Qf3 Qb7 32.
h4 Rb2 33. h5 Qd7 34. h6 Rb6 35. d6 1-0

[Event "*** Titled Tuesday Blitz"]
[Site "Chess.com"]
[Date "2021.04.27"]
[Round "3"]
[White "masteryoungK"]
[Black "vovachesss"]
[Result "1-0"]
[WhiteElo "2440"]
[BlackElo "2607"]
[TimeControl "180+1"]
[EndTime "10:28:10 PDT"]
[Termination "masteryoungK won on time"]

1. e4 e5 2. Nf3 Nc6 3. Bb5 Nf6 4.
O-O Nxe4 5. d4 Nd6 6. Bxc6 dxc6 7. dxe5 Nf5 8. Qxd8+ Kxd8 9. Nc3 Ke8 10. b3 h5 11. Bb2 Be7 12. Ne4 Be6 13. Neg5 Rh6 14. Rfe1 Rd8 15. Rad1 Rxd1 16. Rxd1 Bc8 17. Re1 Rg6 18.
Ne4 b6 19. Nf6+ gxf6 20. exf6 Be6 21. fxe7 Bd5 22. Kf1 Bxf3 23. gxf3 Re6 24. Rxe6 fxe6 25. Be5 Kxe7 26. Bxc7 Nd4 27. c3 Nxf3 28. Ke2 Nh4 29.
Kd3 Nf5 30. Ke4 Kf7 31. a4 Ke7 32. c4 Kd7 33. Bb8 a6 34. Be5 Ke7 35. Kf4 b5 36.
cxb5 cxb5 37. Kg5 bxa4 38. bxa4 Kf7 39. Kxh5 Ne7 40. Kg5 Nc6 41. f4 1-0

[Event "*** Titled Tuesday Blitz"]
[Site "Chess.com"]
[Date "2021.04.27"]
[Round "3"]
[White "ariosp"]
[Black "fabianvivasz"]
[Result "0-1"]
[WhiteElo "2207"]
[BlackElo "2374"]
[TimeControl "180+1"]
[EndTime "10:28:11 PDT"]
[Termination "fabianvivasz won on time"]

1. e4 e5 2. Nf3 Nc6 3. Bc4 Nf6 4. d4 exd4 5. e5 d5 6. Bb5 Ne4 7. Nxd4 Bc5 8. Be3 O-O 9. Bxc6 bxc6 10. Nd2 Qe8 11.
Nxe4 dxe4 12. Qh5 Ba6 13. O-O-O Rb8 14. Qf5 Bc4 15. Qxe4 Bd5 16. Qf4 Bxa2 17. Rhe1 Rb4 18. b3 a5 19. Kb2 a4 20. Kxa2 axb3+ 21. cxb3 Qa8+ 22. Kb2 Rfb8 23. Ra1 Bxd4+ 24. Bxd4 Rxb3+ 25. Kc2 Qb7 26. Ra2 c5 27. Ba1 Qd5 28. Rd1 Qxg2 29. e6 Qg6+ 0-1

[Event "*** Titled Tuesday Blitz"]
[Site "Chess.com"]
[Date "2021.04.27"]
[Round "3"]
[White "picturesquecheck"]
[Black "InvisibleWarrior2252"]
[Result "0-1"]
[WhiteElo "2301"]
[BlackElo "2561"]
[TimeControl "180+1"]
[EndTime "10:28:12 PDT"]
[Termination "InvisibleWarrior2252 won by resignation"]

1. e4 c5 2. Nf3 e6 3. d4 cxd4 4. Nxd4 Nf6 5. Nc3 Nc6 6. Ndb5 d6 7. Bf4 e5 8. Bg5 a6 9. Na3 b5 10. Nd5 Be7 11. Bxf6 Bxf6 12. c4 b4 13. Nc2 Rb8 14.
g3 O-O 15. b3 Bg5 16. h4 Bh6 17. Bg2 Ne7 18. O-O Nxd5 19. Qxd5 Be6 20. Qd3 f5 21. Rfd1 Qf6 22. Ne3 f4 23. Nd5 Qf7 24. Qf3 Qd7 25. Qd3 Bh3 26. Qf1 Bg4 27. Rd3 g5 28. hxg5 Bxg5 29. f3 fxg3 30. Qe1 Be6 31. Qxg3 h6 32. Rad1 Kh8 33. Qf2 Rg8 34. Ne3 Bxe3 35. Qxe3 Rg6 36. R1d2 Rbg8 37. Rf2 Qg7 38. Rdd2 Bh3 39.
Qe2 Bxg2 40. Rxg2 Rxg2+ 41. Qxg2 Qf7 0-1

[Event "*** Titled Tuesday Blitz"]
[Site "Chess.com"]
[Date "2021.04.27"]
[Round "3"]
[White "AntonovaNadezhda"]
[Black "kakorrhaphiophobie"]
[Result "0-1"]
[WhiteElo "2101"]
[BlackElo "2309"]
[TimeControl "180+1"]
[EndTime "10:28:12 PDT"]
[Termination "kakorrhaphiophobie won on time"]

1. d4 f5 2. Nf3 Nf6 3. g3 g6 4.
Bg2 Bg7 5. O-O O-O 6. c4 d6 7. Nc3 c6 8. Re1 Na6 9. e3 Qc7 10. Rb1 e5 11. d5 c5 12. Nb5 Qe7 13. Ng5 Nc7 14. a3 Nxb5 15. cxb5 h6 16. Nf3 g5 17. b4 Ne4 18. Qb3 Bd7 19. bxc5 Nxc5 20. Qa2 Qf7 21. Bd2 Rae8 22. Bb4 Ne4 23. a4 f4 24. exf4 exf4 25. Rxe4 Rxe4 26. Bxd6 Rfe8 27. Bc5 fxg3 28. hxg3 Re2 29.
Qb3 g4 30. Nh4 b6 31. Be3 R8xe3 32. fxe3 Qf2+ 33. Kh2 Be5 34. e4 Re3 35. Qxe3 Qxe3 0-1

[Event "*** Titled Tuesday Blitz"]
[Site "Chess.com"]
[Date "2021.04.27"]
[Round "3"]
[White "HouseOfDurin"]
[Black "Redzishchess"]
[Result "1-0"]
[WhiteElo "2127"]
[BlackElo "2300"]
[TimeControl "180+1"]
[EndTime "10:28:13 PDT"]
[Termination "HouseOfDurin won by resignation"]

1. d4 Nf6 2. Bg5 d5 3. Bxf6 exf6 4. e3 Bd6 5. c4 dxc4 6. Bxc4 f5 7. Nc3 O-O 8. g3 Nd7 9. Bd5 Nf6 10. Bg2 c6 11. Nge2 Re8 12. Qc2 Be6 13. O-O Rc8 14. Rfd1 Qe7 15. a3 g6 16. b4 Kg7 17. Rac1 a5 18.
bxa5 Bxa3 19. Rb1 Ra8 20. d5 cxd5 21. Nxd5 Nxd5 22. Bxd5 Rxa5 23. Rxb7 Qf6 24. Bxe6 Rxe6 25. Rdd7 Re7 26. Rxe7 Bxe7 27. Kg2 Rc5 28. Qb3 Bd6 29. Nd4 Rc7 30. Rb5 Be5 31. Qd5 Bxd4 32. exd4 Qe6 33. Qf3 Rc2 34. d5 Qd6 35. Rb3 Rd2 36. Qc3+ 1-0

[Event "*** Titled Tuesday Blitz"]
[Site "Chess.com"]
[Date "2021.04.27"]
[Round "3"]
[White "sergiochess83"]
[Black "Aygehovit1992"]
[Result "1-0"]
[WhiteElo "2889"]
[BlackElo "2646"]
[TimeControl "180+1"]
[EndTime "10:28:14 PDT"]
[Termination "sergiochess83 won on time"]

1. e4 d6 2. d4 g6 3. Nf3 Bg7 4. Bc4 Nf6 5. Qe2 c6 6. Bb3 O-O 7. O-O Bg4 8. Nbd2 Nbd7 9. h3 Bxf3 10. Nxf3 e5 11. dxe5 dxe5 12. c3 Qe7 13. Bc2 Nh5 14. g3 a5 15. a4 Nc5 16. Be3 b6 17. Nd2 Rab8 18. Nc4 Bf6 19. h4 Bxh4 20. gxh4 Qxh4 21. Qf3 f5 22. Nxe5 Rbe8 23. Bd4 Rxe5 24. Bxe5 f4 25. Bd6 g5 26. Qh1 Qg4+ 27. Qg2 Qh4 28. Bxf8 Kxf8 29. Bd1 Nf6 30. e5 Nfe4 31. Qh2 Qxh2+ 32. Kxh2 Nd2 33. Rg1 h6 34. Bc2 Ke7 35. Rad1 Nf3+ 36. Kg2 Nxg1 37. Rxg1 Ke6 38. Rh1 1-0

[Event "*** Titled Tuesday Blitz"]
[Site "Chess.com"]
[Date "2021.04.27"]
[Round "3"]
[White "Novoselski"]
[Black "BursaBBSatranc"]
[Result "1-0"]
[WhiteElo "2414"]
[BlackElo "2591"]
[TimeControl "180+1"]
[EndTime "10:28:14 PDT"]
[Termination "Novoselski won by resignation"]

1. d4 d5 2. Nf3 Nf6 3. c4 c6 4. e3 Bf5 5. Nc3 e6 6. Nh4 Be4 7. f3 Bg6 8. Nxg6 hxg6 9. Qb3 Qc7 10. f4 Nbd7 11. Bd2 Qb6 12. c5 Qc7 13. Be2 Ne4 14. Nxe4 dxe4 15. Qc2 Nf6 16. b4 a6 17. a4 Be7 18. O-O g5 19. g3 gxf4 20. Rxf4 Kd7 21.
Rb1 Rh7 22. Be1 Rah8 23. Bf1 Nd5 24. Rxe4 f5 25. Re5 Bf6 26. Rxd5+ cxd5 27. b5 g5 28. bxa6 bxa6 29. Bxa6 Rb8 30. c6+ Ke7 31. Qc5+ Kf7 32.
Rb7 Rxb7 33. cxb7 Qb8 34. Qc8 Rh8 35. Qd7+ Kg6 36. Qxe6 Re8 37. Qxd5 Rxe3 38. Bf2 Re7 39. g4 fxg4 40. Bd3+ Kg7 41. Qf5 Kf8 42. Qxf6+ 1-0

[Event "*** Titled Tuesday Blitz"]
[Site "Chess.com"]
[Date "2021.04.27"]
[Round "3"]
[White "Rodchenkov_Vitalij"]
[Black "AniJak"]
[Result "0-1"]
[WhiteElo "2051"]
[BlackElo "2293"]
[TimeControl "180+1"]
[EndTime "10:28:15 PDT"]
[Termination "AniJak won on time"]

1. Nf3 f5 2. d4 Nf6 3. c4 e6 4.
Nc3 Bb4 5. g3 b6 6. Bg2 Bb7 7. O-O Bxc3 8. bxc3 O-O 9. Bg5 d6 10.
Rb1 Nbd7 11. Re1 Qe8 12. Bxf6 Nxf6 13. Nd2 Ne4 14. Qc2 Qg6 15. f3 Nxd2 16. Qxd2 e5 17. e4 f4 18. g4 h5 19. h3 hxg4 20.
hxg4 Rad8 21. Qf2 Kf7 22. c5 dxc5 23. dxc5 Rh8 24. cxb6 axb6 25. Red1 Qh6 26. c4 Qh2+ 27. Kf1 Ba6 28. Qc2 Qg3 29. Rb4 Qh4 30. Rxd8 Rxd8 31. Ra4 Bc8 32. Rb4 Qe7 33. a3 Qc5 34. Qf2 Qd6 35. Rb3 Qd1+ 36. Qe1 Qxb3 0-1

[Event "*** Titled Tuesday Blitz"]
[Site "Chess.com"]
[Date "2021.04.27"]
[Round "3"]
[White "UKR_Master"]
[Black "Jungle_Jaguar"]
[Result "0-1"]
[WhiteElo "2484"]
[BlackElo "2705"]
[TimeControl "180+1"]
[EndTime "10:28:17 PDT"]
[Termination "Jungle_Jaguar won by checkmate"]

1. e4 e5 2. Nf3 Nc6 3. Bb5 a6 4. Ba4 Nf6 5. O-O Be7 6. Re1 b5 7. Bb3 O-O 8. d4 d6 9. c3 Bg4 10. Be3 exd4 11. cxd4 Na5 12. Bc2 Nc4 13. Bc1 Re8 14. b3 Nb6 15. h3 Bh5 16. a4 bxa4 17. Nc3 axb3 18. Bxb3 Qd7 19. Ba2 h6 20.
Qb3 Bf8 21. Nh4 Rab8 22. Qc2 c5 23. dxc5 dxc5 24. e5 Nfd5 25. Nxd5 Nxd5 26. Qd3 Rbd8 27. g4 Be7 28. Nf5 Bg6 29. Qf3 Nb4 30. Bxh6 Nxa2 31.
Nxg7 Nb4 32. Nxe8 Qxe8 33. e6 f6 34. Rad1 Nc2 35. Rxd8 Qxd8 36. Rd1 Nd4 37. Qa3 Ne2+ 38. Kg2 Qxd1 39. Qxa6 Qd5+ 40. Kf1 Nd4 41. Qc8+ Kh7 42. Be3 Qh1# 0-1

[Event "*** Titled Tuesday Blitz"]
[Site "Chess.com"]
[Date "2021.04.27"]
[Round "3"]
[White "Matensien"]
[Black "esrosenberg"]
[Result "0-1"]
[WhiteElo "2352"]
[BlackElo "2214"]
[TimeControl "180+1"]
[EndTime "10:28:17 PDT"]
[Termination "esrosenberg won on time"]

1. c4 e5 2. g3 Nc6 3. Bg2 f5 4. Nc3 Nf6 5. Nf3 Bb4 6. Nd5 Bc5 7.
O-O O-O 8. Nxe5 Nxe5 9. d4 Bd6 10. Nxf6+ Qxf6 11. dxe5 Bxe5 12. Qb3 c6 13. Rd1 f4 14. g4 Qh4 15. h3 d6 16. c5+ d5 17. Bd2 h5 18. f3 Bd4+ 19. Kh1 Bxc5 20. Be1 Bf2 21.
Bxf2 Qxf2 22. Qd3 hxg4 23. fxg4 Qe3 24. Qg6 Qe6 25. Qh5 Bd7 26. Rxd5 Be8 27. Re5 Qf7 28. Qxf7+ Bxf7 29. Re7 Rae8 30. Rxb7 Rxe2 31. Rxa7 Bd5 32. Rg1 f3 33. Bxf3 Rxf3 34. Re1 Rxe1+ 35. Kg2 Re2+ 0-1

[Event "*** Titled Tuesday Blitz"]
[Site "Chess.com"]
[Date "2021.04.27"]
[Round "3"]
[White "chessdjw"]
[Black "mjray79"]
[Result "1-0"]
[WhiteElo "2731"]
[BlackElo "2447"]
[TimeControl "180+1"]
[EndTime "10:28:18 PDT"]
[Termination "chessdjw won by resignation"]

1. e4 e5 2. Bc4 Nf6 3. d3 Bc5 4. Nc3 Nc6 5. f4 d6 6. Nf3 O-O 7. f5 Kh8 8. Bg5 Ne7 9. Qd2 c6 10.
Bb3 b5 11. a4 b4 12. Ne2 Qc7 13. O-O-O d5 14. Nxe5 dxe4 15. d4 Ned5 16. Nxc6 Bd6 17. Ne5 Bxf5 18. Rhf1 Bg6 19. Nf4 e3 20. Nfxg6+ fxg6 21. Bxe3 Ne4 22. Qd3 Nxe3 23. Qxe3 Bxe5 24. dxe5 Qxe5 25.
Rxf8+ Rxf8 26. Re1 Re8 27. Bf7 Re7 28. Bc4 h6 29. Bd3 Qg5 30. Qxg5 hxg5 31. Rxe4 Rf7 32. Re6 Rf1+ 33. Kd2 Rf2+ 34. Ke3 Rxg2 35. Bxg6 Re2+ 36. Kxe2 1-0

[Event "*** Titled Tuesday Blitz"]
[Site "Chess.com"]
[Date "2021.04.27"]
[Round "3"]
[White "GoValya"]
[Black "kaumandur01"]
[Result "0-1"]
[WhiteElo "2281"]
[BlackElo "2741"]
[TimeControl "180+1"]
[EndTime "10:28:18 PDT"]
[Termination "kaumandur01 won by resignation"]

1. d4 Nf6 2. g3 g6 3. Bg2 d5 4. c4 Bg7 5. cxd5 Nxd5 6. Nc3 Nb6 7. Nf3 O-O 8. O-O Na6 9. h3 c5 10. e3 Bf5 11. e4 Bd7 12. d5 Nc4 13. Qe2 Ne5 14.
Nd2 Nb4 15. a3 Nc2 16. Rb1 Nd4 17. Qe3 Nc2 18. Qe2 b5 19. Nxb5 Qb6 20. Nc3 Nd4 21. Qe3 Nc2 22. Qe2 Nd4 23. Qe3 c4 24. Nxc4 Nxc4 25. Qd3 Rfc8 26. b3 Ne5 27. Qe3 Nef3+ 28. Kh1 Nc2 29. Qxb6 axb6 30. Ne2 Nfd4 31. Nxd4 Nxd4 32. Be3 Rxa3 33. Rfc1 Rxc1+ 34. Rxc1 Nb5 35. Bxb6 Rxb3 36. Be3 f5 37. exf5 gxf5 38. Bg5 Kf8 39. Re1 Bf6 40. Bxf6 exf6 41. h4 Rb2 42. Kg1 Nd6 43.
Bf3 f4 44. Kg2 fxg3 45. Kxg3 Nf5+ 46. Kf4 Rxf2 47. Re3 Nxe3 48. Kxe3 Rh2 0-1

[Event "*** Titled Tuesday Blitz"]
[Site "Chess.com"]
[Date "2021.04.27"]
[Round "3"]
[White "Irishchessman16"]
[Black "niki_2003"]
[Result "1-0"]
[WhiteElo "2292"]
[BlackElo "2041"]
[TimeControl "180+1"]
[EndTime "10:28:19 PDT"]
[Termination "Irishchessman16 won by checkmate"]

1. e4 c6 2. Nc3 d5 3. Nf3 dxe4 4.
Nxe4 Bf5 5. Ng3 Bg6 6. Bc4 Nf6 7.
O-O e6 8. Ne5 Bd6 9. Nxg6 hxg6 10.
d4 Ne4 11. Qg4 Rh4 12. Qf3 Ng5 13. Qe3 Bf4 14. Qb3 b5 15. Be2 Qxd4 16. a4 Ne4 17.
Bxf4 Rxf4 18. Rad1 Qxa4 19. Qxa4 bxa4 20. Bf3 Nxg3 21.
hxg3 Rc4 22. Rd2 Nd7 23. Rfd1 Rd8 24. Rd6 Rxc2 25. Bxc6 Rxc6 26. Rxc6 Ne5 27. Rxd8+ Kxd8 28. Ra6 Nc4 29. Rxa4 Nxb2 30. Rxa7 Nd3 31. Rxf7 Nc1 32. Rxg7 Ne2+ 33. Kf1 Nd4 34. Rxg6 Nf5 35. Rxe6 Kd7 36. Re5 Nd4 37. f4 Kc6 38. g4 Kd6 39. g5 Nc6 40. Re4 Ne7 41. Rxe7 Kxe7 42. f5 Kf7 43. g4 Kg8 44. Kf2 Kh8 45. Kf3 Kg8 46. Kf4 Kh8 47. Ke5 Kg7 48. g6 Kh8 49. Kf6 Kg8 50. g7 Kh7 51.
Kf7 Kh6 52. g5+ Kh7 53. g8=Q# 1-0